 Dungeon Crawl Stone Soup version 0.24-a0-584-g9d6b971 (webtiles) character file.

Game seed: 11965450170770473322, levelgen mode: deterministic

18 BRANGAR the Caller (level 2, -6/19 HPs)
             Began as a Merfolk Summoner on Sept 5, 2019.
             Killed from afar by Jessica (7 damage)
             ... with a puff of flame
             ... on level 2 of the Dungeon.
             The game lasted 00:03:53 (981 turns).

BRANGAR the Caller (Merfolk Summoner)                Turns: 981, Time: 00:03:54

Health: -6/19      AC:  2    Str:  8    XL:     2   Next: 66%
Magic:  3/5        EV: 13    Int: 14    God:
Gold:   66         SH:  0    Dex: 14    Spells: 4/5 levels left

rFire    . . .     SeeInvis .   d - +0 mace
rCold    . . .     Gourm    .   (no shield)
rNeg     . . .     Faith    .   a - +0 robe
rPois    .         Spirit   .   (no helmet)
rElec    .         Reflect  .   (no cloak)
rCorr    .         Harm     .   (no gloves)
MR       .....                  (no boots)
Stlth    ++........             (no amulet)
HPRegen  0.06/turn              (no ring)
MPRegen  0.09/turn              (no ring)

@: very slightly contaminated
A: change form in water, swift swim, stealthy swim
a: no special abilities


You were on level 2 of the Dungeon.
You were not hungry.

You visited 1 branch of the dungeon, and saw 2 of its levels.

You collected 66 gold pieces.

Inventory:

Hand Weapons
 d - a +0 mace (weapon)
Missiles
 f - 4 poisoned darts (quivered)
Armour
 a - a +0 robe (worn)
Scrolls
 g - a scroll of identify {unknown}
 h - 3 scrolls of enchant armour {unknown}
Potions
 b - a potion of lignification {unknown}
 e - a potion of magic {unknown}
 i - a potion of curing {unknown}
 j - a potion of agility {unknown}
Comestibles
 c - 3 rations


   Skills:
 + Level 0.1 Maces & Flails
 + Level 3.1 Dodging
 + Level 2.2 Stealth
 + Level 2.2 Spellcasting
 + Level 4.3 Summonings


You had 4 spell levels left.
You knew the following spells:

 Your Spells              Type           Power        Failure   Level  Hunger
a - Summon Small Mammal   Summ           ##..         4%          1    #......

Your spell library contained the following spells:

 Spells                   Type           Power        Failure   Level  Hunger
 Call Imp                 Summ           ##......     6%          2    ###....
 Call Canine Familiar     Summ           ##......     12%         3    ###....
 Summon Guardian Golem    Hex/Summ       #.......     28%         3    ###....
 Summon Ice Beast         Ice/Summ       #.......     67%         4    #####..
 Summon Lightning Spire   Summ/Air       #.......     67%         4    #####..


Dungeon Overview and Level Annotations

Branches:
Dungeon (2/15)

Altars:

Annotations:
D:2 Jessica


Message History

Confirm with . or Enter, or press ? or * to list all spells.
Jessica gestures wildly while chanting.
Jessica blinks!
The hobgoblin closely misses you.
Jessica casts a spell.
Jessica blinks!
Your rat barely misses Jessica.
Your rat closely misses Jessica.
You hit the hobgoblin.
The hobgoblin is lightly wounded.
Jessica zaps a wand.
The puff of flame hits you!
Your rat bites Jessica but does no damage.
The hobgoblin barely misses you.
You hit the hobgoblin.
The hobgoblin is moderately wounded.
Jessica gestures wildly.
Jessica zaps a wand.
The puff of flame hits you!
Ouch! That really hurt!
* * * LOW HITPOINT WARNING * * *
Your rat barely misses Jessica.
The hobgoblin barely misses you.
Jessica zaps a wand.
The puff of flame hits you!
You die...

#. ####.#######
...........#
...........#
...........# ###
.......@r..# ....
...........# .....
.......@g..###......
########.#.)........
#.#.###...... #.#.#
..... #.#.# K...
##############.#.#
...
#<.............#.#
..
################.# #
#<#


You could see Jessica, a hobgoblin and a friendly rat.

Vanquished Creatures
  A dart slug (D:1)
  2 bats (D:1)
  A giant cockroach (D:1)
  2 hobgoblins (D:1)
  A kobold (D:2)
  2 frilled lizards (D:1)
  2 rats (D:1)
11 creatures vanquished.

Vanquished Creatures (collateral kills)
  An ooze (D:1)
  A goblin (D:1)
  2 bats (D:1)
4 creatures vanquished.

Grand Total: 15 creatures vanquished

Notes
Turn   | Place    | Note
-------+----------+-------------------------------------------
     0 | D:1      | BRANGAR the Merfolk Summoner began the quest for the Orb.
     0 | D:1      | Reached XP level 1. HP: 13/13 MP: 3/3
   374 | D:1      | Reached XP level 2. HP: 19/19 MP: 5/5
   961 | D:2      | Noticed Jessica
   981 | D:2      | Killed from afar by Jessica

Levels and vault maps discovered:
D:1:      nagdon_arrival_zigzag_paths, layout_basic, serial_bayou_pond_e,
          minmay_strange_pillars
D:2:      layout_basic, overflow_temple_1_default, tso_oasis_becter,
          serial_bayou_pond_d, uniq_jessica

Skill      XL: |  1  2 |
---------------+-------+-----
Dodging        | 3 |  3.1
Maces & Flails | |  0.1
Stealth        | |  2.2
Spellcasting   | |  2.2
Summonings     | |  4.3

Action                   || total
-------------------------++-------
Melee: Mace              ||    28
       Unarmed           ||     8
 Cast: Summon Small Mamm ||    13
 Stab: Distracted        ||     1
Armor: Robe              ||     7
Dodge: Dodged            ||    30

Table legend:
 A = Non-vault XP
 B = Vault XP
 C = Vault XP percentage of total XP
 D = Non-vault monster count
 E = Vault monster count
 F = Vault count percentage of total count
                 A         B        C        D         E       F
            +---------+---------+-------+---------+---------+-------
      Total |      26 |       0 |   0.0 |      15 |       0 |   0.0
            +---------+---------+-------+---------+---------+-------
        D:1 |      24 |       0 |   0.0 |      14 |       0 |   0.0
        D:2 |       2 |       0 |   0.0 |       1 |       0 |   0.0
            +---------+---------+-------+---------+---------+-------
